 Dungeon Crawl Stone Soup version 0.28.0-47-ge53b351184 (webtiles) character file.

Game seed: 15262626010157716123

1908 issech the Cudgeller (level 8, -1/80 HPs)
             Began as a Troll Monk on May 10, 2022.
             Slain by a killer bee (5 damage)
             ... on level 7 of the Dungeon on May 11, 2022.
             The game lasted 00:21:35 (5940 turns).

issech the Cudgeller (Troll Monk)                   Turns: 5940, Time: 00:21:36

Health: -1/80      AC:  4    Str: 20    XL:     8   Next: 94%
Magic:  7/7        EV: 11    Int:  6    God:
Gold:   239        SH:  0    Dex: 14    Spells: 7/7 levels left

rFire   . . .      SeeInvis .   A - +0 giant club
rCold   . . .      Faith    .   (shield currently unavailable)
rNeg    . . .      Spirit   .   b - +0 robe
rPois   .          Reflect  .   (helmet restricted)
rElec   .          Harm     .   (no cloak)
rCorr   .          Rampage  .   (gloves unavailable)
Will    .....                   (boots unavailable)
Stlth   ++........              (no amulet)
HPRegen 1.03/turn               F - ring of flight
MPRegen 0.10/turn               (no ring)

@: flying
A: large, unfitting armour, claws 3, regeneration 1, shaggy fur 1, tough skin 1
a: no special abilities


You were on level 7 of the Dungeon.
You visited 2 branches of the dungeon, and saw 8 of its levels.

You collected 261 gold pieces.
You spent 22 gold pieces at shops.

Inventory:

Hand Weapons
 a - a +0 mace
 l - a +0 flail
 A - a +0 giant club (weapon)
 D - a +0 dire flail
Missiles
 e - 3 datura-tipped darts
 f - 3 large rocks (quivered)
 i - 83 stones
 j - 95 bolts
 s - 8 poisoned darts
 y - 69 arrows
 B - 4 boomerangs
Armour
 b - a +0 robe (worn)
Magical Staves
 p - a staff of air
Jewellery
 t - an amulet of faith
 F - a ring of flight (left claw)
Wands
 C - a wand of iceblast (7)
Scrolls
 c - 2 scrolls of immolation
 h - 2 scrolls of noise
 m - a scroll of enchant armour
 o - a scroll of enchant weapon
 r - a scroll of magic mapping
 w - a scroll of fear {unknown}
 x - a scroll of vulnerability {unknown}
Potions
 d - 2 potions of curing
 k - 2 potions of haste {unknown}
 n - 2 potions of lignification {unknown}
 q - a potion of attraction {unknown}
 u - a potion of ambrosia {unknown}
 v - 2 potions of invisibility {unknown}
 z - a potion of mutation {unknown}
 E - a potion of might {unknown}


   Skills:
 + Level 5.2 Fighting
 + Level 7.9 Maces & Flails
 + Level 1.7 Throwing
 + Level 4.9 Dodging
 + Level 1.7 Stealth


You had 7 spell levels left.
You didn't know any spells.
Your spell library contained the following spells:

 Spells                   Type           Power      Damage    Failure   Level
 Beastly Appendage        Tmut           0%         N/A       45%         1
 Wereblood                Tmut           0%         N/A       58%         2
 Spider Form              Tmut/Pois      0%         N/A       83%         3
 Stone Arrow              Conj/Erth      0%         3d7       83%         3
 Animate Armour           Summ/Erth      0%         N/A       99%         4
 Lehudib's Crystal Spear  Conj/Erth      0%         10d2      100%        8


Dungeon Overview and Level Annotations

Branches:
Dungeon (7/15)             Temple (1/1) D:4

Altars:
Ashenzari
Cheibriados
Dithmenos
Elyvilon
Fedhas
Gozag
Hepliaklqana
Kikubaaqudgha
Makhleb
Nemelex Xobeh
Okawaru
Qazlal
Ru
Sif Muna
Trog
Uskayaw
Vehumet
Wu Jian
Xom
Yredelemnul
Zin
The Shining One

Shops:
D:6 :**


Innate Abilities, Weirdness & Mutations

You are too large for most types of armour.
You have claws for hands.
Your natural rate of healing is unusually fast.
You are covered in fur. (AC +1)
You have tough skin. (AC +1)


Message History

The killer bee is heavily wounded.
You feel sick. The killer bee barely misses you. The killer bee stings you.
You are more poisoned.
The killer bee poisons you!
You miss the killer bee.
The killer bee is heavily wounded.
You feel very sick. The killer bee barely misses you.
The killer bee closely misses you.
You closely miss the killer bee.
The killer bee is heavily wounded.
You feel very sick. The killer bee stings you. x2
You are more poisoned.
The killer bee poisons you! The killer bee stings you!
You closely miss the killer bee.
The killer bee is heavily wounded.
You feel very sick. The killer bee stings you.
The killer bee stings you but does no damage.
You closely miss the killer bee.
The killer bee is heavily wounded.
You feel very sick. The killer bee stings you.
The killer bee stings you but does no damage.
The killer bee stings you!
* * * LOW HITPOINT WARNING * * *
You feel sick. The killer bee closely misses you.
You feel sick. The killer bee closely misses you.
You feel sick. The killer bee barely misses you. The killer bee stings you!
* * * LOW HITPOINT WARNING * * *
You feel sick. The killer bee misses you.
You feel sick.
You feel sick. The killer bee closely misses you.
You feel sick.
You are no longer poisoned.
The killer bee stings you!
* * * LOW HITPOINT WARNING * * *
There is a stone staircase leading up here.
The killer bee closely misses you. The killer bee stings you.
You die...

#.###.#....#
#......#...##
#.###.##....#
#....#....#
#.##.##....#
#.##yY##.....
#.##yy..#....
#.##y#y.####
#..@.......#
#......##...
#.##.#.# ###
#.##.#.#
#.##.#.#
#.##.# #
#.##.# #.. .>


You could see an ice beast and 5 killer bees.

Vanquished Creatures
  Prince Ribbit (D:6)
  Eustachio (D:6)
  An ice beast (D:4)
  A sky beast (D:5)
  A black bear (D:5)
  A necrophage (D:6)
  3 ogres
  A centaur (D:5)
  A wyvern zombie (D:5)
  2 scorpions (D:4)
  A water moccasin skeleton (D:5)
  A jelly (D:6)
  A bullfrog zombie (D:5)
  6 hounds
  A gnoll shaman (D:4)
  2 centaur skeletons (D:5)
  2 iguanas
  An orc wizard (D:4)
  A hound skeleton (D:4)
  8 gnolls
  8 adders
  A shadow imp (D:5)
  2 worms
  An adder skeleton (D:4)
  3 dart slugs
  5 orcs
  7 ball pythons
  5 bats
  7 endoplasms
  2 giant cockroaches
  8 goblins
  9 hobgoblins
  2 quokkas
  A frilled lizard (D:3)
  9 kobolds
  2 rats (D:1)
109 creatures vanquished.

Vanquished Creatures (others)
  A plant (D:4)
1 creature vanquished.

Grand Total: 110 creatures vanquished

Notes
Turn   | Place    | Note
-------+----------+-------------------------------------------
     0 | D:1      | issech the Troll Monk began the quest for the Orb.
     0 | D:1      | Reached XP level 1. HP: 22/22 MP: 0/0
   113 | D:1      | Found a faded altar of an unknown god.
   225 | D:1      | Reached skill level 3 in Maces & Flails
   225 | D:1      | Reached XP level 2. HP: 29/29 MP: 1/1
   929 | D:2      | Reached XP level 3. HP: 36/36 MP: 2/2
  1783 | D:3      | Reached XP level 4. HP: 44/44 MP: 3/3
  2296 | D:4      | Noticed a scorpion
  2316 | D:4      | Killed a scorpion
  2316 | D:4      | HP: 2/44 [poisoned by a scorpion]
  2317 | D:4      | Reached skill level 4 in Maces & Flails
  2317 | D:4      | Reached XP level 5. HP: 2/53 MP: 4/4
  2461 | D:4      | Found a staircase to the Ecumenical Temple.
  2778 | D:3      | Reached XP level 6. HP: 44/61 MP: 5/5
  2849 | D:4      | Reached skill level 5 in Maces & Flails
  2859 | D:4      | Reached skill level 1 in Throwing
  3045 | D:4      | Found a white marble altar of Elyvilon.
  3310 | Temple   | Entered the Ecumenical Temple
  3624 | D:4      | Reached XP level 7. HP: 65/67 MP: 6/6
  3771 | D:5      | Entered Level 5 of the Dungeon
  3979 | D:5      | Reached skill level 6 in Maces & Flails
  4268 | D:5      | Reached XP level 8. HP: 45/78 MP: 7/7
  4430 | D:5      | Reached skill level 7 in Maces & Flails
  5210 | D:6      | Found Ogiur's Lightly-Used Armoury.
  5380 | D:6      | Noticed Eustachio
  5392 | D:6      | Killed Eustachio
  5393 | D:6      | Reached skill level 5 in Fighting
  5431 | D:6      | Noticed Prince Ribbit
  5442 | D:6      | Killed Prince Ribbit
  5681 | D:6      | Found Arghack's General Store.
  5684 | D:6      | Bought a scroll of identify for 22 gold pieces
  5764 | D:6      | Found Titakih's Book Shop.
  5938 | D:7      | HP: 2/80 [killer bee (8)]
  5940 | D:7      | Slain by a killer bee

Illustrated notes

Levels and vault maps discovered:
D:1:      dpeg_arrival_ternary, layout_rooms, ebering_ecumenical_altar_hall
D:2:      layout_basic, serial_rivers, chequers_serial_rivers_micro_e,
          chequers_serial_rivers_room_b, chequers_serial_rivers_large_a,
          chequers_serial_rivers_micro_e, roderic_lattice_a, st_stairs_2
D:3:      layout_rooms, hangedman_decor_growths,
          nicolae_concentric_dashed_squares_wild, grunt_decor_mini_mirrors,
          minmay_misc_feat_room
D:4:      layout_loops_ring, elyvilon_altar_1, minmay_temple_entry_arrows,
          roderic_roman_lattice, minmay_misc_feat_tower, kennysheep_dice
D:5:      layout_layer_cave
D:6:      layout_gridville, serial_shops, nicolae_shop_behind_doors,
          kennysheep_mini, minmay_shop_damaged, minmay_misc_feat_diagonals,
          minmay_stone_trees_large, minmay_diced_spiral, uniq_prince_ribbit1,
          uniq_eustachio
D:7:      hellmonk_ruined_rings, layout_loops_cross, uniq_crazy_yiuf_cottage
Temple:   mainiacjoe_temple_archimedes_tessellation

Skill      XL: |  1  2  3  4  5  6  7  8 |
---------------+-------------------------+-----
Maces & Flails | 3 4 5 6 7 |  7.9
Fighting       | 3 4 5 |  5.2
Dodging        | 3 4 |  4.9
Throwing       | 1 |  1.7
Stealth        | |  1.7

Action                   |  1- 3 |  4- 6 |  7- 9 || total
-------------------------+-------+-------+-------++-------
Melee: Mace              |   115 |       |       ||   115
       Flail             |    15 |   161 |    79 ||   255
       Punch             |     1 |     4 |     1 ||     6
       Giant club        |       |       |    81 ||    81
Throw: Large rock        |    20 |     6 |    12 ||    38
       Dart              |       |     2 |     1 ||     3
  Use: Potion            |       |     2 |       ||     2
       Scroll            |       |       |     5 ||     5
 Stab: Sleeping          |     1 |     1 |     1 ||     3
Armor: Robe              |    80 |    40 |    59 ||   179
Dodge: Dodged            |   115 |   100 |   128 ||   343
